 Dungeon Crawl Stone Soup version 0.31-a0-229-g1fc7ce93e2 (webtiles) character file.

Game seed: 5932941421309008659

23 qw the Shooter (level 2, -1/17 HPs)
             Began as a Gargoyle Hexslinger on July 6, 2023.
             Slain by a kobold
             ... wielding a +0 whip
              (2 damage)
             ... on level 1 of the Dungeon.
             The game lasted 00:00:10 (452 turns).

qw the Shooter (Gargoyle Hexslinger)                 Turns: 452, Time: 00:00:11

Health: -1/17      AC:  4    Str: 11    XL:     2   Next: 95%
Magic:  3/3        EV: 12    Int: 13    God:
Gold:   42         SH:  0    Dex: 12    Spells: 2/3 levels left

rFire   . . .        a - +1 sling
rCold   . . .        (no shield)
rNeg    + . .        c - +0 robe
rPois   inf          (no helmet)
rElec   +            (no cloak)
rCorr   .            (no gloves)
SInv    .            (no boots)
Will    .....        (no amulet)
Stlth   +            (no ring)
HPRegen 0.22/turn    (no ring)
MPRegen 0.08/turn

%: no passive effects
@: no status effects
A: sickness immunity, AC +2, negative energy resistance 1, electricity
resistance, torment resistance 1, petrification resistance
a: no special abilities


You were on level 1 of the Dungeon.
You visited 1 branch of the dungeon, and saw 1 of its levels.

You collected 42 gold pieces.


Innate Abilities, Weirdness & Mutations

You are immune to sickness and miasma.
Your stone body is resilient. (AC +2)
You are immune to poison.
You resist negative energy. (rN+)
You are resistant to electric shocks. (rElec)
You are resistant to unholy torment.
You are immune to petrification.


   Skills:
 + Level 1.9 Fighting
 - Level 3.0 Ranged Weapons
 - Level 1.5 Dodging
 - Level 1.0 Spellcasting
 - Level 2.6 Hexes


You had 2 spell levels left.
You knew the following spells:

 Your Spells              Type           Power      Damage    Failure   Level
a - Slow                  Hex            28%        N/A       10%         1

Your spell library contained the following spells:

 Spells                   Type           Power      Damage    Failure   Level
 Inner Flame              Hex/Fire       4%         N/A       43%         3
 Portal Projectile        Hex/Tloc       8%         N/A       43%         3
 Cause Fear               Hex            3%         N/A       67%         4

Inventory:

Hand Weapons
 a - a +1 sling (weapon)
Armour
 c - a +0 robe (worn)
Scrolls
 b - a scroll of poison
 e - a scroll of identify {unknown}
 f - a scroll of revelation {unknown}
Potions
 d - a potion of enlightenment {unknown}

Dungeon Overview and Level Annotations

Branches:
Dungeon (1/15)

Altars:


Message History

You shoot a sling bullet. The sling bullet misses the goblin.
The jackal closely misses you. The goblin hits you but does no damage.
The kobold barely misses you.
You shoot a sling bullet.
The sling bullet closely misses the goblin.
The kobold hits you but does no damage. The goblin hits you but does no damage.
The jackal bites you.
The giant cockroach completely misses you.
The kobold misses you. The goblin closely misses you.
You shoot a sling bullet. The sling bullet hits the goblin.
You kill the goblin!
The jackal misses you. The giant cockroach closely misses you.
The jackal bites you but does no damage.
The kobold hits you with a +0 whip.
You shoot a sling bullet. The sling bullet hits the jackal.
You kill the jackal!
The giant cockroach misses you. The jackal closely misses you.
The kobold completely misses you.
The giant cockroach bites you but does no damage.
The jackal misses you. The jackal barely misses you.
You shoot a sling bullet.
The sling bullet completely misses the jackal.
The giant cockroach bites you but does no damage.
The jackal misses you. The kobold hits you with a +0 whip.
The jackal bites you but does no damage.
The giant cockroach bites you.
You shoot a sling bullet. The sling bullet hits the jackal.
You kill the jackal!
The jackal barely misses you. The kobold hits you with a +0 whip.
The jackal closely misses you. The giant cockroach barely misses you.
The kobold hits you but does no damage.
You shoot a sling bullet.
The sling bullet closely misses the kobold.
The jackal bites you. The giant cockroach barely misses you.
The jackal closely misses you. The kobold hits you with a +0 whip.
The giant cockroach barely misses you.
You shoot a sling bullet.
The sling bullet closely misses the kobold.
The jackal closely misses you. The kobold hits you with a +0 whip.
You die...

.# .# .# #######.### .
#.........#
...##.#....?#.#
......Bh......#
......K@......#
.....#)....#..# ...
#........# . #...#.#.##
###.#.#.# #+# # #.#.#.#
.### #.# #..###.#.#.#
..... #.# #..........#
.....###.########.#####


You could see a jackal, a giant cockroach and a kobold.

Vanquished Creatures
  An endoplasm (D:1)
  A giant cockroach (D:1)
  3 goblins (D:1)
  4 hobgoblins (D:1)
  3 jackals (D:1)
  3 ball pythons (D:1)
  A bat (D:1)
  A frilled lizard (D:1)
  A kobold (D:1)
  3 rats (D:1)
21 creatures vanquished.

Notes
Turn   | Place    | Note
-------+----------+-------------------------------------------
     0 | D:1      | qw the Gargoyle Hexslinger began the quest for the Orb.
     0 | D:1      | Reached XP level 1. HP: 12/12 MP: 2/2
     0 | D:1      | 0 ||| qw: Version: 0.3-a-46-gb1f654a
     0 | D:1      | 0 ||| qw: Game counter: 1372
     0 | D:1      | 0 ||| qw: Melee chars always use a shield: true
     0 | D:1      | 0 ||| qw: God list: Okawaru
     0 | D:1      | 0 ||| qw: Allow faded altars: false
     0 | D:1      | 0 ||| qw: Do Orc after clearing Dungeon:15 true
     0 | D:1      | 0 ||| qw: Do second Lair branch before Depths: true
     0 | D:1      | 0 ||| qw: Lair rune preference: random
     0 | D:1      | 0 ||| qw: Goals: Normal
     0 | D:1      | 0 ||| PLANNING D:1-11
   254 | D:1      | Reached XP level 2. HP: 16/16 MP: 3/3
   328 | D:1      | Reached skill level 3 in Ranged Weapons
   450 | D:1      | HP: 4/17 [kobold/+0 whip (1)]
   451 | D:1      | HP: 1/17 [kobold/+0 whip (3)]
   452 | D:1      | Slain by a kobold

Levels and vault maps discovered:
D:1:      minmay_arrival_jagged, layout_loops_corners, kennysheep_nondescript

Skill      XL: |  1  2 |
---------------+-------+-----
Ranged Weapons | 3 |  3.0
Fighting       | |  1.9
Dodging        | |  1.5
Spellcasting   | |  1.0
Hexes          | |  2.6

Action                     || total
---------------------------++-------
   Fire: Sling             ||    55
 Armour: Robe              ||    16
  Dodge: Dodged            ||    34

Table legend:
 A = Non-vault XP
 B = Vault XP
 C = Vault XP percentage of total XP
 D = Non-vault monster count
 E = Vault monster count
 F = Vault count percentage of total count
                 A         B        C        D         E       F
            +---------+---------+-------+---------+---------+-------
      Total |      33 |       0 |   0.0 |      21 |       0 |   0.0
            +---------+---------+-------+---------+---------+-------
        D:1 |      33 |       0 |   0.0 |      21 |       0 |   0.0
            +---------+---------+-------+---------+---------+-------
